 Dungeon Crawl Stone Soup version 0.32-a0-481-g9ce6b883f8 (webtiles) character file.

Game seed: 2671722197420189722

0 GordonOverkill the Sneak (level 1, 0/18 HPs)
             Began as a Coglin Delver on Feb 26, 2024.
             Slain by a phantom (6 damage)
             ... on level 4 of the Dungeon.
             The game lasted 00:01:48 (236 turns).

GordonOverkill the Sneak (Coglin Delver)             Turns: 236, Time: 00:01:49

Health: 0/18       AC:  3    Str: 12    XL:     1   Next: 10%
Magic:  1/1        EV: 11    Int:  9    God:
Gold:   35         SH:  0    Dex: 15    Spells: 0/0 levels left

rFire   . . .        a - +0 hand axe {Sukanya}
rCold   . . .        (no shield)
rNeg    . . .        b - +0 leather armour
rPois   .            (no helmet)
rElec   .            (no cloak)
rCorr   .            (no gloves)
SInv    .            (no boots)
Will    .....        (no amulet)
Stlth   ++           (ring unavailable)
HPRegen 0.23/turn    (ring unavailable)
MPRegen 0.07/turn

%: no passive effects
@: no status effects
A: off-hand wielding, slow wielding, warmup strikes, no rings
a: no special abilities


You were on level 4 of the Dungeon.
You visited 1 branch of the dungeon, and saw 3 of its levels.

You collected 35 gold pieces.

Inventory:

Hand Weapons
 a - a +0 hand axe (weapon) {Sukanya}
Armour
 b - a +0 leather armour (worn)
Wands
 g - a wand of digging (3)
Scrolls
 c - a scroll of fog
 d - a scroll of revelation
 e - 2 scrolls of fear
Potions
 f - a potion of haste
 h - a potion of heal wounds {unknown}
 i - a potion of enlightenment {unknown}


   Skills:
 + Level 3.0 Fighting
 + Level 2.0 Axes
 + Level 1.7 Dodging
 + Level 4.1 Stealth


You couldn't memorise any spells.
You didn't know any spells.
Your spell library was empty.

Dungeon Overview and Level Annotations

Branches:
Dungeon (6/15)
 Temple: D:4-7

Altars:


Innate Abilities, Weirdness & Mutations

You can wield a second weapon in your off-hand.
It takes a long time for you to wield or remove held weapons.
Your first few attacks do less damage.
Your grasper-arms cannot wear rings.


Message History

There is a stone staircase leading down here.
The helpless kobold fails to defend itself.
You hit the kobold.
You kill the kobold!
No target in view!
You see here a +0 dagger.
There is a stone staircase leading down here.
You climb downwards.
There is a stone staircase leading up here.
A hound comes into view.
There is a stone staircase leading up here.
Found 5 stones.
Found an escape hatch in the floor.
There is an open door here.
There is a stone staircase leading up here.
You climb upwards.
There is a stone staircase leading down here.
You see here a +0 dagger.
You see here a +0 dagger.
There is a stone staircase leading down here.
There is an open door here.
There is an open door here.
There is an open door here.
Found a stone staircase leading up.
A phantom comes into view.
The phantom moves out of view.
An adder zombie and a bullfrog zombie come into view.
A hound zombie comes into view.
An adder skeleton comes into view.
There is a stone staircase leading up here.
The phantom hits you.
The phantom blinks!
You blink.
You stop ascending the stairs.
Okay, then.
Unknown command.
The bullfrog zombie barely misses you. The phantom hits you!
* * * LOW HITPOINT WARNING * * *
The bullfrog zombie barely misses you.
Okay, then.
The phantom attacks as it pursues you! The phantom hits you.
You die...

.......#. .......... ....Z....
#...ß..##+#####
#.........ß....
#....Z..P......
#....Z..ß......
+....W.Z.P.....
#######...<@.........
............######### #....
............+ #....
............# #....
............# #....
............############....
########......................
#......#......................
#......#......................


You could see a phantom, an adder zombie, a hound zombie (dormant), a bullfrog
zombie and an adder skeleton.

Vanquished Creatures
  A kobold (D:4)
1 creature vanquished.

Notes
Turn   | Place    | Note
-------+----------+-------------------------------------------
     0 | D:5      | GordonOverkill the Coglin Delver began the quest for the
                  | Orb.
     0 | D:5      | Reached XP level 1. HP: 18/18 MP: 1/1
     2 | D:6      | Noticed an iguana
    14 | D:6      | Noticed a kobold brigand
    26 | D:5      | Noticed an orc wizard
    47 | D:6      | Noticed a gnoll bouda
    47 | D:6      | Noticed a hound
    51 | D:5      | Noticed a phantom
   156 | D:5      | Noticed a hound
   229 | D:4      | Noticed a phantom
   236 | D:4      | Slain by a phantom

Illustrated notes

Levels and vault maps discovered:
D:4:      layout_gridville, serial_undead, serial_undead_c, serial_undead_e,
          serial_undead_f, serial_undead_d, serial_undead_b, serial_undead_d,
          serial_undead_f, minmay_checkerbox
D:5:      layout_basic, mainiacjoe_overflow_24_doors, saegor_snake_ambush
D:6:      hangedman_cross_stitches, layout_basic

Action                     || total
---------------------------++-------
  Melee: Hand axe          ||     1
   Stab: Sleeping          ||     1
 Armour: Leather armour    ||     3
  Dodge: Dodged            ||     2

Table legend: (Time is in decaauts)
 A = Elapsed time spent in this place.
 B = Non-inter-level travel time spent in this place.
 C = Inter-level travel time spent in this place.
 D = Time resting spent in this place.
 E = Time spent auto-exploring this place.
 F = Levels seen in this place.
 G = Mean time per level.
                   A        B        C        D        E       F      G
               +--------+--------+--------+--------+--------+-----+--------+
         Total |    237 |    224 |     13 |      0 |      0 |   3 |   79.0 |
       Dungeon |    237 |    224 |     13 |      0 |      0 |   3 |   79.0 |
               +--------+--------+--------+--------+--------+-----+--------+

Top non-repeatable levels by time:
     D:4: 128 daAuts
     D:5: 90 daAuts
     D:6: 19 daAuts
